 Dungeon Crawl Stone Soup version 0.30-a0-737-gf23d94013f (webtiles) character file.

Game seed: 14652850884061547790

3 retardedninja the Covered (level 1, 0/14 HPs)
             Began as a Gargoyle Fighter on Feb 2, 2023.
             Slain by a ball python (2 damage)
             ... on level 1 of the Dungeon.
             The game lasted 00:00:17 (174 turns).

retardedninja the Covered (Gargoyle Fighter)         Turns: 174, Time: 00:00:17

Health: 0/14       AC:  9    Str: 19    XL:     1   Next: 50%
Magic:  1/1        EV:  6    Int:  8    God:
Gold:   6          SH:  4    Dex:  9    Spells: 0/0 levels left

rFire   . . .      SeeInvis .    a - +0 flail
rCold   . . .      Faith    .    c - +0 buckler
rNeg    + . .      Spirit   .    b - +0 scale mail
rPois   ∞          Reflect  .    (no helmet)
rElec   +          Harm     .    (no cloak)
rCorr   .          Rampage  .    (no gloves)
Will    .....                    (no boots) Stlth
                                 (no amulet)
HPRegen 0.22/turn                (no ring)
MPRegen 0.07/turn                (no ring)

@: mighty, constricted
A: sickness immunity, AC +2, negative energy resistance 1, electricity
resistance, torment resistance 1, petrification resistance
a: no special abilities


You were on level 1 of the Dungeon.
You visited 1 branch of the dungeon, and saw 1 of its levels.

You collected 6 gold pieces.

Inventory:

Hand Weapons
 a - a +0 flail (weapon)
Armour
 b - a +0 scale mail (worn)
 c - a +0 buckler (worn)
Scrolls
 e - a scroll of teleportation {unknown}
 g - a scroll of identify {unknown}
 h - a scroll of amnesia {unknown}
Potions
 f - a potion of curing {unknown}


   Skills:
 + Level 3.3 Fighting
 + Level 2.0 Maces & Flails
 + Level 3.3 Armour
 + Level 3.3 Shields


You couldn't memorise any spells.
You didn't know any spells.
Your spell library was empty.

Dungeon Overview and Level Annotations

Branches:
Dungeon (1/15)

Altars:


Innate Abilities, Weirdness & Mutations

You are immune to sickness and miasma.
Your stone body is resilient. (AC +2)
You are immune to poison.
You resist negative energy. (rN+)
You are resistant to electric shocks. (rElec)
You are resistant to unholy torment.
You are immune to petrification.


Message History

The frilled lizard bites you. The gnoll hits you but does no damage.
The jackal bites you but does no damage.
The giant cockroach bites you but does no damage.
The gnoll hits you but does no damage. The frilled lizard bites you.
You are too injured to fight recklessly!
The jackal attacks as you move away!
The jackal bites you but does no damage.
The giant cockroach attacks as you move away!
The giant cockroach bites you but does no damage.
The jackal attacks as you move away! You block the jackal's attack.
A ball python comes into view.
The giant cockroach barely misses you.
You feel very mighty all of a sudden.
The ball python hisses angrily.
The giant cockroach barely misses you.
You closely miss the giant cockroach.
The giant cockroach bites you but does no damage.
You sock the giant cockroach!
You kill the giant cockroach!
The jackal closely misses you.
The ball python bites you but does no damage.
The ball python grabs you. The ball python constricts you.
You closely miss the jackal. The jackal bites you.
You block the gnoll's attack.
The ball python bites you but does no damage.
The ball python constricts you. The jackal closely misses you.
The gnoll hits you from afar with a +0 spear.
The ball python bites you but does no damage.
The ball python constricts you.
You closely miss the jackal.
The jackal bites you but does no damage.
The ball python bites you but does no damage.
The ball python constricts you.
The gnoll hits you from afar with a +0 spear.
* * * LOW HITPOINT WARNING * * *
The frilled lizard closely misses you. The jackal barely misses you.
You sock the jackal!
You kill the jackal!
The ball python bites you.
You die...

....#...........#.[
....#..........####
....#######..###
...## #..######
..#. #.......# .# .
##.####.# . . #..#
.# ... #..
##.###!#.....
#...#.h.@l......
#...g##S.#....
##.......... .
#............
#............
#.#.!........
#.#..........
..#..........
.###........


You could see a gnoll, a jackal, a ball python and a frilled lizard.

Vanquished Creatures
  An endoplasm (D:1)
  A giant cockroach (D:1)
  A jackal (D:1)
  A rat (D:1)
4 creatures vanquished.

Notes
Turn   | Place    | Note
-------+----------+-------------------------------------------
     0 | D:1      | retardedninja the Gargoyle Fighter began the quest for the
                  | Orb.
     0 | D:1      | Reached XP level 1. HP: 14/14 MP: 1/1
   174 | D:1      | Slain by a ball python

Illustrated notes

Levels and vault maps discovered:
D:1:      matt_arrival_grand_opening, layout_rooms, st_stairs_14,
          grunt_decor_junction, amcnicky_mini_pool_small

Action                     || total
---------------------------++-------
  Melee: Flail             ||    11
    Use: Potion            ||     1
 Armour: Scale mail        ||    20
  Dodge: Dodged            ||    14
  Block: Buckler           ||     3

Table legend: (Time is in decaauts)
 A = Elapsed time spent in this place.
 B = Non-inter-level travel time spent in this place.
 C = Inter-level travel time spent in this place.
 D = Time resting spent in this place.
 E = Time spent auto-exploring this place.
 F = Levels seen in this place.
 G = Mean time per level.
                   A        B        C        D        E       F      G
               +--------+--------+--------+--------+--------+-----+--------+
         Total |    177 |    177 |      0 |    100 |     36 |   1 |  177.0 |
       Dungeon |    177 |    177 |      0 |    100 |     36 |   1 |  177.0 |
               +--------+--------+--------+--------+--------+-----+--------+

Top non-repeatable levels by time:
     D:1: 177 daAuts
